 Dungeon Sprint DCSS version 0.30-a0-1161-g0704695555 (webtiles) character file.

Game seed: 538179194827283697

65 fozzywoppz the Sneak (level 3, -14/16 HPs)
             Began as a Spriggan Enchanter on Apr 27, 2023.
             Was an Initiate of Jiyva.
             Demolished by an ogre
             ... wielding a +0 giant club
              (29 damage)
             ... in the Dungeon (Sprint VII: "The Pits").
             The game lasted 00:01:34 (140 turns).

fozzywoppz the Sneak (Spriggan Enchanter)            Turns: 140, Time: 00:01:38

Health: -14/16     AC:  2    Str:  4    XL:     3   Next: 92%
Magic:  7/9        EV: 20    Int: 16    God:    Jiyva [......]
Gold:   0          SH:  0    Dex: 17    Spells: 8/10 levels left

rFire   . . .        l - +2 dagger
rCold   . . .        (no shield)
rNeg    . . .        b - +0 robe
rPois   .            (helmet restricted)
rElec   .            (no cloak)
rCorr   .            (gloves unavailable)
SInv    +            (boots unavailable)
Will    .....        (no amulet)
Stlth   ++++         (no ring)
HPRegen 0.22/turn    (no ring)
MPRegen 0.11/turn

%: no teleportation
@: very quick
A: very small, no large weapons, unfitting armour, see invisible, speed 3
a: Renounce Religion


You were in the Dungeon.
You worshipped Jiyva.
Jiyva was noncommittal.
You visited 1 branch

Inventory:

Hand Weapons
 a - a +1 dagger
 l - a +2 dagger (weapon)
Armour
 b - a +0 robe (worn)
Scrolls
 i - a scroll of blinking
 j - 5 scrolls of amnesia
 k - a scroll of summoning
Potions
 c - 4 potions of invisibility
 d - a potion of curing
 e - a potion of heal wounds
 f - a potion of haste
 g - 4 potions of magic
 h - 3 potions of berserk rage


   Skills:
 + Level 0.0 Fighting
 + Level 4.5 Short Blades
 + Level 5.5 Dodging
 + Level 7.2 Stealth
 - Level 4.0 Spellcasting
 - Level 5.0 Hexes


You had 8 spell levels left.
You knew the following spells:

 Your Spells              Type           Power      Damage    Failure   Level
a - Ensorcelled Hibernat  Hex/Ice        22%        N/A       9%          2

Your spell library contained the following spells:

 Spells                   Type           Power      Damage    Failure   Level
 Confusing Touch          Hex            19%        N/A       6%          3
 Tukima's Dance           Hex            19%        N/A       6%          3
 Dazzling Flash           Conj/Hex       22%        N/A       19%         3


Dungeon Overview and Level Annotations

Branches:
Dungeon (1/1)

Altars:
Ashenzari
Cheibriados
Dithmenos
Elyvilon
Fedhas
Gozag
Hepliaklqana
Kikubaaqudgha
Makhleb
Nemelex Xobeh
Okawaru
Qazlal
Ru
Sif Muna
Trog
Uskayaw
Vehumet
Wu Jian
Xom
Yredelemnul
Zin
The Shining One
Jiyva
Lugonu


Innate Abilities, Weirdness & Mutations

You are very small and have problems with some larger weapons.
You are too small for most types of armour.
You have supernaturally acute eyesight. (SInv)
You cover ground extremely quickly. (Speed+++)


Message History

Your Stealth skill gained 2 levels and is now at level 7!
Your Spellcasting skill increases to level 4!
Your Hexes skill increases to level 5!
You have reached level 2!
You have reached level 3!
Your experience leads to an increase in your attributes!
Increase (S)trength, (I)ntelligence, or (D)exterity?
You feel agile. x2
You start resting.
You hear a distant slurping noise.
Magic restored.
You can't go up here!
Memorise Ensorcelled Hibernation, consuming 2 spell levels and leaving 8?
You start memorising the spell.
You continue memorising. x2
You finish memorising.
Spell assigned to 'a'.
You open the door.
An ogre and an adder come into view.
An adder and a frilled lizard come into view.
There is an open door here.
Unknown command.
The frilled lizard hisses angrily.
This spell is extremely dangerous to cast!
Memorise Confusing Touch, consuming 3 spell levels and leaving 5?
You start memorising the spell.
You continue memorising.
The frilled lizard misses you.
You continue memorising.
The frilled lizard bites you.
Your memorisation is interrupted.
Unknown command.
You miss the frilled lizard. Your punch misses the frilled lizard.
You hit the frilled lizard.
You kill the frilled lizard!
Casting: Ensorcelled Hibernation (safe; 9% risk of failure)
Confirm with . or Enter, or press ? or * to list all spells.
Aiming: Ensorcelled Hibernation (safe; 9% risk of failure)
Press: ? - help, Shift-Dir - straight line, f - ogre
Aim: an ogre, wielding a +0 giant club (chance to affect: 45%)
The ogre resists with some effort.
The ogre hits you with a +0 giant club!!
Ouch! That really hurt!
You die...

#_______...###########
##########'##.........
#.?(.')))'.##......#..
##########.##.........
#...........+.........
#+#####'#####......#..
#...#)# #.........
#..†#.# ####'#####
#..@'.# #.......#
##O#### #.......#
#....S# #.......#
#.....# #...<...#
#.....O. #.......#
#....S...##.......#
###########.......#
#########


You could see an ogre.

Vanquished Creatures
  A scorpion (D)
  An adder skeleton (D)
  A hobgoblin (D)
  2 frilled lizards (D)
  A goblin (D)
6 creatures vanquished.

Vanquished Creatures (others)
  Dissolution (D)
  A pandemonium lord (D)
  An Ice Fiend (D)
  A deep elf master archer (D)
  An acid blob (D)
  2 azure jellies (D)
  3 rockslimes (D)
  A balrug (D)
  A yellow draconian (D)
  A soul eater (D)
  A hellion (D)
  2 endoplasms (D)
  A ball python skeleton (D)
17 creatures vanquished.

Grand Total: 23 creatures vanquished

Notes
Turn   | Place    | Note
-------+----------+-------------------------------------------
     0 | D        | fozzywoppz the Spriggan Enchanter began the quest for the
                  | Orb.
     0 | D        | Reached XP level 1. HP: 9/9 MP: 5/5
    39 | D        | Found a glowing golden altar of the Shining One.
    39 | D        | Found a glowing silver altar of Zin.
    39 | D        | Found a basalt altar of Yredelemnul.
    39 | D        | Found a shimmering altar of Xom.
    39 | D        | Found an ornate altar of the Wu Jian Council.
    39 | D        | Found a bloodstained altar of Trog.
    39 | D        | Found a shimmering blue altar of Sif Muna.
    39 | D        | Found a sacrificial altar of Ru.
    39 | D        | Found a stormy altar of Qazlal.
    39 | D        | Found an iron altar of Okawaru.
    39 | D        | Found a sparkling altar of Nemelex Xobeh.
    39 | D        | Found a burning altar of Makhleb.
    39 | D        | Found a viscous altar of Jiyva.
    39 | D        | Found a hazy altar of Hepliaklqana.
    39 | D        | Found an opulent altar of Gozag.
    39 | D        | Found a blossoming altar of Fedhas.
    39 | D        | Found a white marble altar of Elyvilon.
    39 | D        | Found a shadowy altar of Dithmenos.
    39 | D        | Found a snail-covered altar of Cheibriados.
    40 | D        | Found a radiant altar of Vehumet.
    40 | D        | Found a corrupted altar of Lugonu.
    41 | D        | Found a hide-covered altar of Uskayaw.
    41 | D        | Found an ancient bone altar of Kikubaaqudgha.
    41 | D        | Found a broken altar of Ashenzari.
    71 | D        | Became a worshipper of Jiyva Joipotz the Shapeless
    72 | D        | Killed a hellion
    73 | D        | Killed a deep elf master archer
    73 | D        | Killed a rockslime
    80 | D        | Killed a balrug
    83 | D        | Killed a rockslime
    84 | D        | Killed a soul eater
    85 | D        | Killed an azure jelly
    86 | D        | Killed a yellow draconian
    86 | D        | Killed an acid blob
    91 | D        | Reached skill level 5 in Stealth
    96 | D        | Noticed a scorpion
   100 | D        | Killed a scorpion
   100 | D        | Killed a rockslime
   101 | D        | Reached skill level 5 in Dodging
   101 | D        | Reached skill level 7 in Stealth
   101 | D        | Reached skill level 5 in Hexes
   101 | D        | Reached XP level 2. HP: 13/13 MP: 6/8
   101 | D        | Reached XP level 3. HP: 16/16 MP: 6/9
   103 | D        | Killed an azure jelly
   129 | D        | Killed Meuhapt the pandemonium lord
   131 | D        | Killed an Ice Fiend
   132 | D        | Learned a level 2 spell: Ensorcelled Hibernation
   132 | D        | Noticed an ogre
   134 | D        | Killed Dissolution
   140 | D        | Demolished by an ogre

Illustrated notes

Levels and vault maps discovered:
D:        pitsprint [storerooms_1, entrance_room_1, metal_vault_7, armoury_1,
          mini_pit_1, grid_room_1, main_hall_1, silver_pit, the_coven_1,
          the_vestibule_1, steel_vault_5, golden_pit, hallway_of_sentries,
          crystal_vault_1, iron_vault_4, final_vault]

Skill      XL: |  1 |
---------------+----+-----
Dodging        | 5 |  5.5
Stealth        | 7 |  7.2
Spellcasting   | 4 |  4.0
Hexes          | 5 |  5.0
Short Blades   | 4 |  4.5

Action                     || total
---------------------------++-------
  Melee: Dagger            ||     7
   Cast: Ensorcelled Hiber ||     1
   Stab: Sleeping          ||     5
  Dodge: Dodged            ||     1

Table legend: (Time is in decaauts)
 A = Elapsed time spent in this place.
 B = Non-inter-level travel time spent in this place.
 C = Inter-level travel time spent in this place.
 D = Time resting spent in this place.
 E = Time spent auto-exploring this place.
 F = Levels seen in this place.
 G = Mean time per level.
                   A        B        C        D        E       F      G
               +--------+--------+--------+--------+--------+-----+--------+
         Total |    104 |    104 |      0 |     27 |      0 |   1 |  104.0 |
       Dungeon |    104 |    104 |      0 |     27 |      0 |   1 |  104.0 |
               +--------+--------+--------+--------+--------+-----+--------+

Top non-repeatable levels by time:
       D: 104 daAuts
